[Event "Early-Titled-Tuesday-Blitz-February-13-2024"]
[Site "Chess.com"]
[Date "2024.02.13"]
[Round "10"]
[White "santosalberto1987"]
[Black "Suleyman_Chess06"]
[Result "1/2-1/2"]
[WhiteElo "2596"]
[BlackElo "2753"]
[TimeControl "180+1"]
[EndTime "9:58:37 PST"]
[Termination "Game drawn by repetition"]

1. e4 e6 2. d4 d5 3. Nc3 Nf6 4.
e5 Nfd7 5. Nce2 c5 6. c3 Nc6 7. Nf3 Qb6 8. a3 c4 9. h4 h6 10.
Nf4 Na5 11. h5 Nb3 12. Rb1 Qc6 13. g4 Be7 14. Rg1 Nb6 15. g5 hxg5 16. Nxg5 Bd7 17. Qf3 Bxg5 18. Rxg5 O-O-O 19. Rxg7 Rdf8 20. Be3 Be8 21. Be2 f6 22. exf6 Rxf6 23. Qg3 Qd6 24. Rg8 Rxg8 25. Qxg8 Rxf4 26. Qxe8+ Kc7 27. Bxf4 Qxf4 28. Qg6 Kd7 29. h6 Qh4 30. h7 Qh1+ 31. Bf1 Na4 32. Qg7+ Kc6 33. h8=Q Qe4+ 34. Be2 Qxb1+ 35. Bd1 Kb6 36. Qb8 Qe4+ 37. Kf1 Nd2+ 38. Kg1 Qe1+ 39. Kg2 Qf1+ 40. Kh2 Qxf2+ 41. Qg2 Qh4+ 42. Kg1 Qe1+ 43.
Kh2 Qh4+ 44. Kg1 Qe1+ 45. Kh2 Qh4+ 1/2-1/2

[Event "Early-Titled-Tuesday-Blitz-February-13-2024"]
[Site "Chess.com"]
[Date "2024.02.13"]
[Round "10"]
[White "Alexchess1984"]
[Black "giovannibrandao7"]
[Result "1-0"]
[WhiteElo "2616"]
[BlackElo "2265"]
[TimeControl "180+1"]
[EndTime "9:58:38 PST"]
[Termination "Alexchess1984 won by resignation"]

1. e4 c5 2. c3 Nf6 3. e5 Nd5 4. d4 cxd4 5. cxd4 Nc6 6. Nf3 e6 7. Bd3 d6 8. O-O Be7 9. Qe2 O-O 10. Rd1 b6 11. Qe4 g6 12. h4 dxe5 13. dxe5 Bb7 14.
h5 Qc7 15. Bh6 Rfd8 16. Na3 Ncb4 17. hxg6 hxg6 18. Bg5 Nxd3 19. Rxd3 Nb4 20. Rxd8+ Qxd8 21. Qh4 Nd5 22. Bxe7 Nxe7 23. Ng5 1-0

[Event "Early-Titled-Tuesday-Blitz-February-13-2024"]
[Site "Chess.com"]
[Date "2024.02.13"]
[Round "10"]
[White "Lion_DL"]
[Black "vladgoncharov"]
[Result "0-1"]
[WhiteElo "2485"]
[BlackElo "2633"]
[TimeControl "180+1"]
[EndTime "9:58:39 PST"]
[Termination "vladgoncharov won by resignation"]

1. d4 Nf6 2. c4 c5 3. d5 e6 4. Nc3 exd5 5. cxd5 d6 6. Nf3 g6 7. Bf4 a6 8. a4 Bg7 9. h3 O-O 10. e3 Qe7 11. Bd3 Nbd7 12. O-O Ne8 13. Nd2 Rb8 14. Nc4 Ne5 15. Bxe5 Bxe5 16. Nxe5 Qxe5 17. Qe2 Nc7 18. f4 Qe7 19. e4 Re8 20. Rae1 b5 21. axb5 axb5 22.
Nxb5 Nxb5 23. Bxb5 Bd7 24. Bxd7 Qxd7 25. f5 Rb4 26.
Qg4 Qe7 27. f6 Qe5 28. Qh4 h5 29. Rf5 Qd4+ 30. Kh2 Rxe4 31. Rxh5 gxh5 32. Qg3+ Kf8 33. Qxd6+ Ke8 34. Qc6+ Kd8 35. Qd6+ Kc8 36. Qf8+ Kb7 37.
Qxf7+ Kb6 38. Ra1 Qe5+ 0-1

[Event "Early-Titled-Tuesday-Blitz-February-13-2024"]
[Site "Chess.com"]
[Date "2024.02.13"]
[Round "10"]
[White "SergioMoralesG"]
[Black "atomicmate123"]
[Result "1-0"]
[WhiteElo "2502"]
[BlackElo "2362"]
[TimeControl "180+1"]
[EndTime "9:58:39 PST"]
[Termination "SergioMoralesG won by resignation"]

1. d4 d5 2. c4 e6 3. Nf3 Nf6 4. Nc3 a6 5. cxd5 exd5 6. Bg5 Be6 7. e3 Bd6 8. Bd3 c6 9. h3 Nbd7 10. O-O Qc7 11. Qd2 h6 12. Bf4 Bxf4 13. exf4 g6 14. Rfe1 Qd6 15. a3 Nh5 16. Ne5 Nxe5 17. fxe5 Qe7 18.
b4 Ng7 19. Na4 Nf5 20. Bxf5 Bxf5 21. Nb6 Ra7 22. a4 O-O 23. a5 Qh4 24. Ra3 Kh7 25.
g4 Be4 26. Rf1 f5 27. f3 Qg3+ 28. Qg2 Qxg2+ 29. Kxg2 Bc2 30. Rc1 fxg4 31. Rxc2 gxf3+ 32. Rxf3 1-0

[Event "Early-Titled-Tuesday-Blitz-February-13-2024"]
[Site "Chess.com"]
[Date "2024.02.13"]
[Round "10"]
[White "temiksmozg"]
[Black "RobertoJBM"]
[Result "1-0"]
[WhiteElo "2637"]
[BlackElo "2787"]
[TimeControl "180+1"]
[EndTime "9:58:42 PST"]
[Termination "temiksmozg won by resignation"]

1. e4 c6 2. d4 d5 3. e5 Bf5 4. Nf3 e6 5. Be2 Nd7 6. O-O Bg6 7. Nbd2 Nh6 8. a4 Nf5 9. a5 Be7 10. c3 O-O 11. b4 b6 12. Ne1 c5 13.
g4 Nh4 14. bxc5 bxc5 15. Ng2 Nxg2 16. Kxg2 cxd4 17. cxd4 Rc8 18. Ba3 f6 19. exf6 Nxf6 20. f3 h5 21. h3 Bxa3 22. Rxa3 Qd6 23. Re3 Qb4 24. Nb3 Bc2 25. Qd2 Qxd2 26. Nxd2 Kf7 27.
Rc1 hxg4 28. hxg4 Rc7 29. Nb3 Nxg4 30. fxg4 Rb8 31. Nc5 Rb2 32. Kg3 Rc6 33. Nd3 Rb3 34. Ne5+ 1-0

[Event "Early-Titled-Tuesday-Blitz-February-13-2024"]
[Site "Chess.com"]
[Date "2024.02.13"]
[Round "10"]
[White "Rud_Makarian"]
[Black "Hovik_Hayrapetyan"]
[Result "1-0"]
[WhiteElo "3040"]
[BlackElo "2897"]
[TimeControl "180+1"]
[EndTime "9:58:45 PST"]
[Termination "Rud_Makarian won by resignation"]

1. d4 Nf6 2. c4 e6 3. Nf3 d5 4. g3 Be7 5. Bg2 O-O 6. Nc3 dxc4 7. Ne5 Nc6 8. Bxc6 bxc6 9. Nxc6 Qe8 10. Nxe7+ Qxe7 11. Qa4 c5 12. dxc5 Qxc5 13. Be3 Qc7 14. Qa3 Bb7 15. f3 Rfd8 16. Qc5 Qxc5 17. Bxc5 Nd5 18. Nxd5 Rxd5 19. Bb4 a5 20. Bc3 a4 21. a3 f6 22.
Kf2 Rad8 23. g4 h6 24. h4 Kf7 25. Rag1 R8d7 26. Ke3 g6 27. g5 fxg5 28. hxg5 h5 29.
Rh4 Ba6 30. Kf2 Rf5 31. e4 Rb5 32. Rf4+ Ke7 33. Rf6 Rxb2+ 34. Bxb2 Rd2+ 35. Ke3 Rxb2 36. Rxg6 c3 37. Rg7+ Kd6 38. Rd1+ Kc6 39. Rc1 Re2+ 40. Kd4 c2 41. g6 Rf2 42. Ra7 Kb6 43. g7 Rg2 44.
Re7 e5+ 45. Kxe5 h4 46. Rxc2 1-0

[Event "Early-Titled-Tuesday-Blitz-February-13-2024"]
[Site "Chess.com"]
[Date "2024.02.13"]
[Round "10"]
[White "Arystanner"]
[Black "Atousa"]
[Result "0-1"]
[WhiteElo "2772"]
[BlackElo "2524"]
[TimeControl "180+1"]
[EndTime "9:58:45 PST"]
[Termination "Atousa won on time"]

1. e4 c5 2. Nf3 e6 3. d4 cxd4 4. Qxd4 a6 5. Nc3 Nc6 6. Qe3 Nf6 7. Bd2 Qc7 8. O-O-O Be7 9. h3 b5 10. e5 Ng8 11. Kb1 Bb7 12. Bd3 f5 13. exf6 Nxf6 14. Rhe1 O-O 15. g4 Nb4 16. Ne5 Bc5 17. Qe2 Nxd3 18.
Nxd3 Bd4 19. f4 Rac8 20. g5 Nd5 21. Ne5 Nxc3+ 22. Bxc3 Bxc3 23. Rxd7 Qc5 24. bxc3 Bd5 25. Qe3 Qa3 26. c4 Qb4+ 27. Kc1 bxc4 28. a3 Qa5 29. g6 h6 30. Nf7 c3 0-1

[Event "Early-Titled-Tuesday-Blitz-February-13-2024"]
[Site "Chess.com"]
[Date "2024.02.13"]
[Round "10"]
[White "PositionalPanther"]
[Black "JeFumeDesClopes"]
[Result "1/2-1/2"]
[WhiteElo "2453"]
[BlackElo "2602"]
[TimeControl "180+1"]
[EndTime "9:58:47 PST"]
[Termination "Game drawn by repetition"]

1. Nf3 g6 2. g3 Bg7 3. Bg2 e5 4. O-O Ne7 5. e4 O-O 6. c3 d5 7. d3 Nbc6 8. Qc2 h6 9. a4 a5 10. Na3 Be6 11. Nb5 Qd7 12. Re1 Kh7 13. Be3 f5 14. Bc5 Rae8 15. exd5 Bxd5 16. d4 e4 17. Ne5 Nxe5 18. dxe5 Bxe5 19. Rad1 Qe6 20. Bxe7 Rxe7 21. Nd4 Bxd4 22. Rxd4 c5 23. Rd2 Bb3 24. Qb1 Bxa4 25. f3 Bc6 26. fxe4 fxe4 27. Rde2 Rfe8 28. Bxe4 Bxe4 29.
Rxe4 Qxe4 30. Rxe4 Rxe4 31. Qa2 Re1+ 32. Kg2 R1e2+ 33. Kh3 R8e7 34. Qxa5 Rxb2 35. Qxc5 Rbe2 36. Qd6 R2e6 37. Qd8 Rg7 38. Kg2 Rc6 39. h4 h5 40. g4 Rxc3 41. gxh5 gxh5+ 42. Kf2 Rc5 43. Qd3+ Kh8 44. Qd8+ Kh7 45. Qd3+ Rg6 46. Qd7+ Rg7 47. Qd3+ 1/2-1/2

[Event "Early-Titled-Tuesday-Blitz-February-13-2024"]
[Site "Chess.com"]
[Date "2024.02.13"]
[Round "10"]
[White "emeli_chess"]
[Black "DvaHrasta"]
[Result "1/2-1/2"]
[WhiteElo "2379"]
[BlackElo "2493"]
[TimeControl "180+1"]
[EndTime "9:58:48 PST"]
[Termination "Game drawn by repetition"]

1. d4 Nf6 2. c4 e6 3. Nc3 Bb4 4. Qc2 d5 5. cxd5 exd5 6. Bg5 O-O 7. e3 h6 8. Bxf6 Qxf6 9. a3 Bxc3+ 10. Qxc3 c6 11. Nf3 Bg4 12. Be2 Nd7 13. O-O Bxf3 14. Bxf3 a5 15. Rfc1 a4 16. b4 axb3 17. Qxb3 b5 18.
a4 bxa4 19. Rxa4 Rab8 20. Qc2 Rfc8 21. Bg4 Qd6 22. Bxd7 Qxd7 23. h3 Rb5 24. Qd3 g6 25. Rca1 c5 26. dxc5 Rbxc5 27. Rd4 Rc1+ 28. Rxc1 Rxc1+ 29.
Kh2 Rc5 30. g3 Qc6 31. Kg2 h5 32. h4 Kg7 33. Kh2 Rc3 34. Qd1 Rc1 35. Qe2 Rb1 36.
Rd1 Rxd1 37. Qxd1 Qc4 38. Kg2 Kf6 39. Qa1+ Ke6 40. Qg7 Qe4+ 41. Kg1 Qb1+ 42. Kg2 Qe4+ 43. Kg1 Qb1+ 44. Kg2 Qe4+ 1/2-1/2

[Event "Early-Titled-Tuesday-Blitz-February-13-2024"]
[Site "Chess.com"]
[Date "2024.02.13"]
[Round "10"]
[White "HanSchut"]
[Black "LileKoridze"]
[Result "0-1"]
[WhiteElo "2261"]
[BlackElo "2415"]
[TimeControl "180+1"]
[EndTime "9:58:48 PST"]
[Termination "LileKoridze won on time"]

1. e4 c5 2. Nf3 d6 3. d4 cxd4 4. Nxd4 Nf6 5. f3 e5 6. Bb5+ Bd7 7. Bxd7+ Nbxd7 8. Nf5 Qc7 9. Nc3 a6 10. a4 g6 11. Ne3 Bg7 12. Ned5 Nxd5 13. Nxd5 Qc6 14. Be3 Qc4 15. b3 Qc8 16. c4 Qd8 17. a5 O-O 18. Qd2 Rc8 19. O-O Nc5 20. Rfb1 Ne6 21. b4 Rxc4 22. Bb6 Qd7 23. Rc1 Rfc8 24. Rxc4 Rxc4 25.
Rc1 Rxc1+ 26. Qxc1 h6 27. g3 Qb5 28. Qc8+ Kh7 29. Ne7 Bf8 30. Nd5 Qc6 31. Qb8 Kg7 32. h4 Qc1+ 33. Kg2 Qd2+ 34. Kg1 Qd1+ 35. Kg2 Qe2+ 36.
Kg1 Qxf3 37. Qxb7 Qxg3+ 38. Kf1 Qf3+ 39. Kg1 Qxe4 40. Bf2 Nf4 0-1

[Event "Early-Titled-Tuesday-Blitz-February-13-2024"]
[Site "Chess.com"]
[Date "2024.02.13"]
[Round "10"]
[White "sansanathalia"]
[Black "theoneandonlydaaevik"]
[Result "0-1"]
[WhiteElo "2383"]
[BlackElo "2512"]
[TimeControl "180+1"]
[EndTime "9:58:49 PST"]
[Termination "theoneandonlydaaevik won by checkmate"]

1. e4 c6 2. d4 d5 3. exd5 cxd5 4. Bd3 Nc6 5. c3 Qc7 6. Ne2 g6 7. Bf4 Qb6 8. Qb3 Qd8 9. O-O Bg7 10. Re1 Nf6 11.
Nd2 O-O 12. h3 Bf5 13. Bxf5 gxf5 14. Ng3 Qd7 15. Nf3 Ne4 16. Nh5 e6 17. Nxg7 Kxg7 18. Qd1 f6 19. Qc1 Kh8 20. Nd2 Rg8 21. Nxe4 fxe4 22.
Kh1 e5 23. dxe5 fxe5 24. Bh2 Raf8 25. Qd2 Qf7 26. Rf1 d4 27. Rae1 Qg6 28. Bg3 e3 29. Qe2 Qe4 30. f3 Qg6 31. Bh2 d3 32. Qxe3 Qxg2# 0-1

[Event "Early-Titled-Tuesday-Blitz-February-13-2024"]
[Site "Chess.com"]
[Date "2024.02.13"]
[Round "10"]
[White "Jaka_Brilej"]
[Black "Preobrazhenska_D2011"]
[Result "1-0"]
[WhiteElo "2542"]
[BlackElo "2371"]
[TimeControl "180+1"]
[EndTime "9:58:51 PST"]
[Termination "Jaka_Brilej won on time"]

1. e4 c5 2. Nf3 d6 3. d4 cxd4 4. Nxd4 Nf6 5. Nc3 a6 6. f3 e5 7.
Nb3 Be6 8. Be3 h5 9. Qd2 Nbd7 10. Nd5 Nxd5 11. exd5 Bf5 12. Be2 Be7 13. O-O Rc8 14. c4 h4 15. Na5 Qc7 16. b4 Bf6 17. Rac1 e4 18. f4 Qd8 19. c5 dxc5 20. bxc5 Qc7 21. d6 Qb8 22. c6 bxc6 23. Bxa6 O-O 24. Rb1 Qa8 25. Bb7 Qb8 26. Bxc6 Qxb1 27. Rxb1 Rfd8 28. Bd4 Bxd4+ 29. Qxd4 Nf6 30. Nb7 Rf8 31. d7 Nxd7 32. Bxd7 Bxd7 33. Qxd7 Rc2 34. Nd6 e3 35. Re1 Rxa2 36.
Rxe3 Ra1+ 37. Kf2 Ra2+ 38. Re2 Ra3 39. Re8 Rxe8 40. Qxe8+ 1-0

[Event "Early-Titled-Tuesday-Blitz-February-13-2024"]
[Site "Chess.com"]
[Date "2024.02.13"]
[Round "10"]
[White "Kotlyar_K"]
[Black "Rozhkov_V"]
[Result "0-1"]
[WhiteElo "2523"]
[BlackElo "2416"]
[TimeControl "180+1"]
[EndTime "9:58:52 PST"]
[Termination "Rozhkov_V won by checkmate"]

1. e4 e6 2. Nf3 d5 3. Nc3 d4 4.
Ne2 c5 5. c3 Nf6 6. e5 Nfd7 7.
cxd4 cxd4 8. Nexd4 Nxe5 9. Bb5+ Nec6 10. O-O Bd6 11. b3 O-O 12. Bb2 Bd7 13. Qe2 Nxd4 14. Nxd4 Qh4 15. g3 Qh6 16. Rac1 a6 17. Bxd7 Nxd7 18.
Rfd1 Nf6 19. Nxe6 Rfe8 20. Qd3 Rxe6 21. Qf3 Rae8 22. Qxb7 Ng4 23. Qg2 Re2 24. Rf1 Qxd2 25. Bc3 Qxa2 26. Qc6 Bf8 27. Qf3 Ne5 28. Qd5 h5 29.
Rfe1 Ng4 30. Rf1 Rxf2 31. Bd4 Rxf1+ 32. Kxf1 Qe2+ 33. Kg1 Qxh2+ 34. Kf1 Qxg3 35. Rc2 Re1# 0-1

[Event "Early-Titled-Tuesday-Blitz-February-13-2024"]
[Site "Chess.com"]
[Date "2024.02.13"]
[Round "10"]
[White "SouS007"]
[Black "Schachmalanders"]
[Result "1/2-1/2"]
[WhiteElo "2494"]
[BlackElo "2462"]
[TimeControl "180+1"]
[EndTime "9:58:52 PST"]
[Termination "Game drawn by repetition"]

1. e4 c6 2. d4 d5 3. Nd2 dxe4 4. Nxe4 Nf6 5. Nxf6+ exf6 6. Bc4 Bd6 7. Qe2+ Qe7 8.
Qxe7+ Kxe7 9. Ne2 Re8 10. Bf4 Be6 11. Bxe6 fxe6 12. O-O-O Nd7 13. Rhe1 Bxf4+ 14. Nxf4 Kf7 15. Re3 Rad8 16. Rb3 b6 17. Rc3 c5 18. d5 exd5 19.
Rxd5 Ne5 20. Ra3 Nc6 21. Rad3 Rxd5 22. Rxd5 Rd8 23. Kd2 Rxd5+ 24. Nxd5 Ke6 25. Ne3 f5 26. c3 f4 27. Nc4 Ne5 28. Na3 a6 29. Nc2 Ng4 30.
Ke2 g5 31. h3 Ne5 32. Ne1 h5 33. b3 b5 34. Nc2 Kd5 35. Ne1 Ke4 36. f3+ Kd5 37. Nd3 Nxd3 38. Kxd3 c4+ 39. bxc4+ bxc4+ 40. Kc2 Kc5 41. a4 Kb6 42. Kb2 Ka5 43. Ka3 h4 44.
Kb2 Kxa4 45. Ka2 Ka5 46. Ka3 Kb5 47. Kb2 a5 48. Ka3 Kc5 49. Ka4 Kb6 50. Ka3 Ka6 51. Ka4 Kb6 52. Ka3 Kb5 53. Kb2 a4 54. Ka3 Ka5 55.
Ka2 Kb5 56. Ka3 Ka5 57. Ka2 Kb5 58. Ka3 1/2-1/2

[Event "Early-Titled-Tuesday-Blitz-February-13-2024"]
[Site "Chess.com"]
[Date "2024.02.13"]
[Round "10"]
[White "LangesNasenhaar"]
[Black "JiiHart"]
[Result "1-0"]
[WhiteElo "2426"]
[BlackElo "2150"]
[TimeControl "180+1"]
[EndTime "9:58:52 PST"]
[Termination "LangesNasenhaar won by resignation"]

1. d4 d5 2. Nc3 c6 3. Bf4 Bf5 4. e3 e6 5. Nf3 Bd6 6. Ne5 f6 7. Nd3 Bxf4 8. Nxf4 e5 9. dxe5 fxe5 10. Qh5+ g6 11. Nxg6 Nf6 12. Qxf5 hxg6 13. Qxg6+ Kd7 14.
O-O-O Qe7 15. f4 Rg8 16. Qf5+ Qe6 17. Qxe6+ Kxe6 18. g3 Nbd7 19. Bh3+ Ke7 20. Bxd7 Nxd7 21. e4 dxe4 22. Nxe4 Raf8 23. fxe5 Rf5 24. Rxd7+ Kxd7 25. Nf6+ Ke6 26. Nxg8 Rxe5 27. Kd2 Rh5 28. h4 Kf7 29. Re1 Kxg8 30. Re7 Rb5 31. b3 Kf8 32. Rc7 a5 33. c4 Rb6 34. h5 a4 35. Kc3 axb3 36. axb3 Kg8 37. h6 c5 38. h7+ Kh8 39. Rxc5 Kxh7 40.
Rb5 Rg6 41. Rxb7+ Kh6 42. Rf7 Rxg3+ 43. Kb4 Kg6 44. Rf1 Kg7 45. c5 Kg6 46. c6 Rg2 47.
Rc1 Rc2 48. Rxc2 1-0

[Event "Early-Titled-Tuesday-Blitz-February-13-2024"]
[Site "Chess.com"]
[Date "2024.02.13"]
[Round "10"]
[White "sergeikim"]
[Black "masterofpuppets2"]
[Result "0-1"]
[WhiteElo "2597"]
[BlackElo "2469"]
[TimeControl "180+1"]
[EndTime "9:58:54 PST"]
[Termination "masterofpuppets2 won by resignation"]

1. d4 Nf6 2. c4 e6 3. Nc3 Bb4 4. Qc2 d5 5. a3 Bxc3+ 6. Qxc3 O-O 7. Nf3 dxc4 8. Qxc4 b6 9. g3 Ba6 10. Qc2 Nbd7 11. Qc6 Rc8 12. e4 Nb8 13. Qc2 Bxf1 14. Kxf1 c5 15. dxc5 Rxc5 16. Qe2 Qc8 17. Kg2 Rc2 18.
Bd2 Rxb2 19. Rac1 Qb7 20. Rhe1 Rd8 21. h3 Nbd7 22. Qe3 Nc5 23. e5 Rdxd2 24. exf6 Rxf2+ 25. Qxf2 Rxf2+ 26. Kxf2 Nd3+ 27. Kg2 Nxc1 28. Rxc1 gxf6 29. g4 Kg7 30. Kg3 Qb8+ 31. Kg2 Qf4 32. Rd1 Qa4 33. Rd3 Qc2+ 34. Rd2 Qa4 35. Rd3 Qc6 36. Kg3 Qc7+ 37.
Kg2 b5 38. Nd4 Qc4 39. Rd1 a5 40. Kf3 b4 41. axb4 axb4 42. Ke3 b3 43. Rb1 Qc3+ 44.
Ke4 Qxh3 45. Rxb3 Qxg4+ 46. Kd3 f5 47. Rb4 Qd1+ 48. Ke3 Qe1+ 0-1

[Event "Early-Titled-Tuesday-Blitz-February-13-2024"]
[Site "Chess.com"]
[Date "2024.02.13"]
[Round "10"]
[White "Hui_Li_Macau"]
[Black "Lady_Nika"]
[Result "0-1"]
[WhiteElo "2356"]
[BlackElo "2580"]
[TimeControl "180+1"]
[EndTime "9:58:54 PST"]
[Termination "Lady_Nika won by resignation"]

1. e4 e6 2. d4 d5 3. Nd2 Nf6 4. e5 Nfd7 5. Bd3 c5 6. c3 Nc6 7. Ne2 Be7 8. O-O f6 9. Nf4 Nf8 10. Qh5+ Kd7 11. Qf7 cxd4 12. Qxg7 fxe5 13. Qxh8 exf4 14.
Nf3 Bf6 15. Qg8 Qe7 16. Bxf4 dxc3 17. bxc3 b6 18. Qg3 Bb7 19. Rad1 e5 20. Bg5 Bxg5 21. Qxg5 e4 22. Qxd5+ Kc7 23. Qxe4 Qf6 24. g3 Ng6 25.
Bb5 Nce5 26. Rd7+ Nxd7 27. Qc4+ Nc5 28. Nd4 Rc8 29. Ne6+ Qxe6 30. Qxe6 Nxe6 31. f4 Nc5 32. f5 Ne5 33. f6 Rf8 34. h4 Ne4 35. f7 Rxf7 36.
Re1 Nf3+ 0-1

[Event "Early-Titled-Tuesday-Blitz-February-13-2024"]
[Site "Chess.com"]
[Date "2024.02.13"]
[Round "10"]
[White "jcibarra"]
[Black "HamedWafa4"]
[Result "1-0"]
[WhiteElo "2948"]
[BlackElo "2742"]
[TimeControl "180+1"]
[EndTime "9:58:56 PST"]
[Termination "jcibarra won by checkmate"]

1. e4 c5 2. Nf3 a6 3. c4 Nc6 4. d4 cxd4 5. Nxd4 Nf6 6. Nc3 e5 7. Nf5 d6 8. Be3 g6 9. Nh6 Nh5 10. Nd5 Nd4 11. Be2 Be6 12. Bxh5 gxh5 13. Bxd4 Bxd5 14.
Qxh5 Bxh6 15. exd5 exd4 16. Qxh6 Qa5+ 17. Qd2 Qc5 18.
Rc1 O-O-O 19. O-O Rde8 20. b4 Qb6 21. c5 Qb5 22. Qxd4 Rhg8 23. c6 b6 24. a4 Qe2 25.
g3 Kc7 26. Rfe1 Qxe1+ 27. Rxe1 Rxe1+ 28. Kg2 Rge8 29. a5 Rb8 30. Qf6 bxa5 31. bxa5 Rbe8 32.
Qxf7+ R8e7 33. Qg8 R1e5 34. Qa8 Rxd5 35. Qb7+ Kd8 36.
Qb8# 1-0

[Event "Early-Titled-Tuesday-Blitz-February-13-2024"]
[Site "Chess.com"]
[Date "2024.02.13"]
[Round "10"]
[White "pfalcon1949"]
[Black "Qingdom"]
[Result "0-1"]
[WhiteElo "1938"]
[BlackElo "2181"]
[TimeControl "180+1"]
[EndTime "9:58:56 PST"]
[Termination "Qingdom won on time"]

1. e4 c5 2. Nf3 Nc6 3. d4 cxd4 4. Nxd4 e5 5. Nb5 d6 6. N1c3 a6 7. Na3 Be7 8. Nc4 Nf6 9. Be3 b5 10. Nb6 Rb8 11. Nxc8 Qxc8 12. Be2 O-O 13. O-O Rd8 14. Nd5 Nxd5 15. exd5 Na5 16. c3 Nc4 17. Bxc4 Qxc4 18. Qd2 Rdc8 19. a3 a5 20. Rad1 f5 21. f4 e4 22. Qf2 b4 23. axb4 axb4 24. Rd4 Qb3 25. cxb4 Bf6 26. Rd2 Rxb4 27. Rfd1 Rcb8 28. h3 Bxb2 29.
Rb1 Qa3 30. Kh2 Bf6 31. Rxb4 Qxb4 32. Rc2 Qa3 33. Rc7 Rb3 34. Ra7 Qb2 35. Qg1 h5 36. Bf2 Kh7 37. h4 Kg6 38. Ra8 Qd2 39. g4 hxg4 40.
h5+ Kf7 41. Kg2 e3 42. Ra7+ Kg8 43. h6 Qxf2+ 44. Qxf2 exf2 0-1

[Event "Early-Titled-Tuesday-Blitz-February-13-2024"]
[Site "Chess.com"]
[Date "2024.02.13"]
[Round "10"]
[White "Nellichka"]
[Black "Ducke13"]
[Result "0-1"]
[WhiteElo "2082"]
[BlackElo "2327"]
[TimeControl "180+1"]
[EndTime "9:58:57 PST"]
[Termination "Ducke13 won by checkmate"]

1. d4 Nf6 2. c4 g6 3. h4 Bg7 4. Nc3 d5 5. cxd5 Nxd5 6. h5 Nxc3 7. bxc3 c5 8. h6 Bf6 9. Nf3 Nc6 10. e3 O-O 11.
Bc4 Bg4 12. O-O Bg5 13. e4 Bxc1 14. Rxc1 cxd4 15. cxd4 Bxf3 16. Qxf3 Nxd4 17. Qg3 Qb8 18. e5 b5 19. Bd3 Qb6 20. Kh1 Rad8 21. f4 Kh8 22. f5 g5 23. Qxg5 Rg8 24. Qxe7 Qxh6+ 25. Kg1 Nf3+ 26. Kf2 Rxd3 27. gxf3 Rd2+ 28. Ke1 Qe3# 0-1

[Event "Early-Titled-Tuesday-Blitz-February-13-2024"]
[Site "Chess.com"]
[Date "2024.02.13"]
[Round "10"]
[White "amanjazu"]
[Black "JonaszBaum"]
[Result "0-1"]
[WhiteElo "2517"]
[BlackElo "2654"]
[TimeControl "180+1"]
[EndTime "9:58:59 PST"]
[Termination "JonaszBaum won by resignation"]

1. g3 h5 2. Bg2 h4 3. Nf3 h3 4. Bf1 Nc6 5. c4 e5 6. Nc3 Nf6 7. d4 exd4 8. Nxd4 Bb4 9. Bg5 Qe7 10. Nf5 Qe5 11. Qd3 Ne4 12. O-O-O Bxc3 13. bxc3 Qxf5 14. Be3 d6 15. f3 Nf6 16. Qd2 Be6 17. Bd4 Bxc4 18.
e4 Qb5 19. Bxc4 Qxc4 20. Bxf6 gxf6 21. Kb2 Rh5 22. Ka1 O-O-O 23. Rb1 Ra5 24. Rhc1 Re8 25. Qb2 Qa6 26. Rc2 Ree5 27. c4 Ra3 28. Rc3 Rea5 29. Rxa3 Rxa3 30. Rc1 Qa4 31. Rc2 Nb4 32. Rd2 Rxa2+ 33.
Qxa2 Nxa2 34. Rxa2 Qd1+ 0-1

[Event "Early-Titled-Tuesday-Blitz-February-13-2024"]
[Site "Chess.com"]
[Date "2024.02.13"]
[Round "10"]
[White "Sina_Movahed"]
[Black "jefferyx"]
[Result "1/2-1/2"]
[WhiteElo "3016"]
[BlackElo "3036"]
[TimeControl "180+1"]
[EndTime "9:59:00 PST"]
[Termination "Game drawn by agreement"]

1. e4 e5 2. Nf3 Nf6 3. d4 Nxe4 4. Bd3 d5 5. Nxe5 Nd7 6. Nc3 Nxe5 7. dxe5 Nc5 8.
Nxd5 Nxd3+ 9. Qxd3 Be6 10. Nf4 Qxd3 11. cxd3 Bf5 12. Be3 O-O-O 13. d4 g5 14. Ne2 Bb4+ 15. Nc3 c5 16. O-O-O cxd4 17. Bxd4 Bxc3 18. bxc3 Be6 19. Bxa7 Bxa2 20. Bd4 Be6 21. Kd2 Kc7 22. Ke3 Ra8 23. h4 g4 24. Rd2 Ra6 25. h5 Rha8 26. f3 Ra2 27. Rhd1 Rxd2 28. Rxd2 gxf3 29. gxf3 Ra2 30.
Rxa2 Bxa2 31. Kf4 Bd5 32. Kg4 Kd7 33. f4 Be4 34. f5 Bc2 35. Kg5 b5 36. Kf6 Ke8 37.
Kg5 Bd3 38. Bc5 Bc2 39. Bb4 Bd3 40. Bd6 Bc2 41. Kf6 Bd3 42. Bc5 Bc2 43. Be3 Bd3 44.
Bf4 Bc2 45. Kg5 Bd3 46. Bc1 Bc2 47. Ba3 Bd3 48. Bb4 Bc2 49. h6 Bd3 50. Kf6 Bc2 51. e6 fxe6 52. fxe6 Bd3 53. Bc5 Bc2 54. Bb4 Bd3 1/2-1/2

[Event "Early-Titled-Tuesday-Blitz-February-13-2024"]
[Site "Chess.com"]
[Date "2024.02.13"]
[Round "10"]
[White "chessdjw"]
[Black "Nouali_Mohamed"]
[Result "1-0"]
[WhiteElo "2750"]
[BlackElo "2575"]
[TimeControl "180+1"]
[EndTime "9:59:00 PST"]
[Termination "chessdjw won on time"]

1. e4 c5 2. Nf3 Nc6 3. d4 cxd4 4.
Nxd4 g6 5. Nc3 Bg7 6. Be3 Nf6 7. Bc4 O-O 8. Bb3 d6 9. f3 Bd7 10. Qd2 Rc8 11. h4 h5 12. O-O-O Ne5 13. Kb1 b5 14. Bg5 b4 15. Nd5 a5 16. Nxf6+ exf6 17.
Bh6 a4 18. Bd5 Qb6 19. g4 Nc4 20. Bxc4 Rxc4 21. Bxg7 Kxg7 22. gxh5 Rfc8 23. hxg6 fxg6 24. Rhg1 b3 25. axb3 axb3 26. cxb3 Rxd4 27. Qxd4 Qxb3 28.
Qd3 Qa4 29. e5 f5 30. exd6 Kh7 31. h5 Be6 32. b3 Bxb3 33. Rd2 Rb8 34. Rb2 Bc2+ 35.
Qxc2 1-0

[Event "Early-Titled-Tuesday-Blitz-February-13-2024"]
[Site "Chess.com"]
[Date "2024.02.13"]
[Round "10"]
[White "Sofia_Blokhin"]
[Black "InitiatingASC"]
[Result "1/2-1/2"]
[WhiteElo "2258"]
[BlackElo "2381"]
[TimeControl "180+1"]
[EndTime "9:59:01 PST"]
[Termination "Game drawn by repetition"]

1. d4 Nf6 2. c4 e6 3. Nc3 c5 4. d5 exd5 5. cxd5 d6 6. e4 g6 7. Bf4 Bg7 8. Bd3 O-O 9. h3 a6 10. a4 Re8 11. Nf3 c4 12. Bc2 Nh5 13. Bh2 f5 14. O-O f4 15. Rb1 Nd7 16. Ne2 Ne5 17.
Nxf4 Nxf4 18. Bxf4 Nxf3+ 19. Qxf3 Rf8 20. Qg3 Rxf4 21.
Qxf4 Be5 22. Qe3 Qf6 23. Qe2 Qg5 24. f4 Bxf4 25. Qf3 Bxh3 26. Qxh3 Rf8 27. Qe6+ Kg7 28. Rf3 Be3+ 29. Kh1 Rxf3 30. gxf3 Qh4+ 31. Kg2 Qf2+ 32. Kh1 Qxf3+ 33. Kh2 Bf4+ 34. Kg1 Be3+ 35. Kh2 Bf4+ 36. Kg1 Be3+ 37. Kh2 1/2-1/2

[Event "Early-Titled-Tuesday-Blitz-February-13-2024"]
[Site "Chess.com"]
[Date "2024.02.13"]
[Round "10"]
[White "ATM622"]
[Black "bazar-wokzal"]
[Result "1-0"]
[WhiteElo "2488"]
[BlackElo "2646"]
[TimeControl "180+1"]
[EndTime "9:59:02 PST"]
[Termination "ATM622 won on time"]

1. d4 Nf6 2. c4 Nc6 3. Nf3 e6 4. g3 Bb4+ 5. Bd2 Qe7 6. Bg2 Bxd2+ 7. Nbxd2 d6 8. O-O e5 9. d5 Nb8 10. Ne1 O-O 11. e4 c6 12. Nd3 cxd5 13. cxd5 Bd7 14. Rc1 Na6 15. Nc4 Bb5 16. a4 Bxc4 17. Rxc4 Rfc8 18.
Qc2 Rxc4 19. Qxc4 Qc7 20. Qxc7 Nxc7 21. Rc1 Nfe8 22. b4 Kf8 23. b5 Ke7 24. f4 f6 25.
Kf2 Kd8 26. Ke3 Rb8 27. h4 Na8 28. a5 Rc8 29. Rxc8+ Kxc8 30. Bh3+ Kd8 31. Nb2 Nac7 32. Bf1 Ke7 33. b6 axb6 34. axb6 Na8 35. Nc4 g6 36. g4 exf4+ 37. Kxf4 g5+ 38. hxg5 fxg5+ 39. Kxg5 Nf6 40. Bd3 Nd7 41. Kh6 Naxb6 42. Nxb6 Nxb6 43. Kxh7 Kf6 44. Kh6 Nd7 45. g5+ Ke5 46. g6 Nf6 47. Kg5 Ng8 48. g7 Kd4 49. Bb1 b5 50. Kf5 b4 51. Ke6 Kc5 52. e5 dxe5 53. d6 1-0